 Dungeon Crawl Stone Soup version 0.29-a0-775-g4d7333d4e2 (webtiles) character file.

Game seed: 11494714201170493808

12707 porpoise the Impaler (level 11, -4/133 HPs)
             Began as a Merfolk Gladiator on July 2, 2022.
             Was an Initiate of Yredelemnul.
             Slain by an ice devil (10 damage)
             ... in an ice cave.
             The game lasted 00:50:04 (15137 turns).

porpoise the Impaler (Merfolk Gladiator)           Turns: 15137, Time: 00:50:04

Health: -4/133     AC: 14    Str: 16    XL:     11   Next: 97%
Magic:  25/25      EV: 13    Int: 10    God:    Yredelemnul [......]
Gold:   312        SH:  0    Dex: 16    Spells: 10/10 levels left

rFire   . . .      SeeInvis .   a - +4 halberd
rCold   + + +      Faith    .   (shield currently unavailable)
rNeg    . . .      Spirit   .   H - +1 ice dragon scales of the Evening {rF- rC++ Will+ MP+9}
rPois   .          Reflect  .   B - +1 helmet
rElec   .          Harm     .   x - scarf {rC+ rF+}
rCorr   .          Rampage  .   (no gloves)
Will    ++...                   (no boots)
Stlth   ..........              (no amulet)
HPRegen 0.32/turn               O - ring of willpower
MPRegen 0.19/turn               p - +4 ring of slaying

@: berserking (expiring), very quick
A: (nimble swimmer 2), mertail
a: Renounce Religion, Recall Undead Harvest


You were in an ice cave.
You worshipped Yredelemnul.
Yredelemnul was noncommittal.
You visited 1 branch of the dungeon, and saw 11 of its levels.
You also visited: Ice Cave.

You collected 518 gold pieces.
You spent 206 gold pieces at shops.

Inventory:

Hand Weapons
 a - a +4 halberd (weapon)
 b - a +0 sling
 w - a +1 trident
Missiles
 d - 3 throwing nets
 e - a javelin
 f - 16 boomerangs
 m - 29 poisoned darts (quivered)
 r - a curare-tipped dart
 P - 4 atropa-tipped darts
Armour
 k - a +2 leather armour of resistance
 x - a scarf of resistance (worn)
 B - a +1 helmet (worn)
 H - the +1 ice dragon scales of the Evening (worn) {rF- rC++ Will+ MP+9}
   (You found it on level 6 of the Dungeon)

   rF:        It makes you vulnerable to fire.
   rC:        It greatly protects you from cold.
   MP:        It affects your magic capacity (+9).
   Will:      It increases your willpower.
Jewellery
 p - a +4 ring of slaying (right hand)
 y - a ring of flight
 E - a ring of protection from fire
 O - a ring of willpower (left hand)
Wands
 u - a wand of flame (36)
 T - a wand of polymorph (6)
Scrolls
 i - 3 scrolls of immolation
 o - 3 scrolls of fog
 v - a scroll of fear
 A - 3 scrolls of poison
 F - 6 scrolls of teleportation
 J - a scroll of enchant weapon
 M - a scroll of summoning
 S - a scroll of amnesia
Potions
 c - a potion of resistance
 h - 4 potions of lignification
 j - a potion of berserk rage
 l - 3 potions of haste
 n - 2 potions of mutation
 t - 2 potions of heal wounds
 z - a potion of ambrosia {unknown}
 C - 4 potions of curing
 G - 2 potions of cancellation
 I - 3 potions of magic
 K - a potion of attraction {unknown}
 N - a potion of might
Miscellaneous
 R - a box of beasts (inert)


   Skills:
 + Level 9.4 Fighting
 + Level 15.5 Polearms
 - Level 2.0 Throwing
 - Level 5.0 Armour
 - Level 9.0 Dodging
 - Level 7.0 Invocations
 - Level 5.0 Evocations


You had 10 spell levels left.
You didn't know any spells.
Your spell library contained the following spells:

 Spells                   Type           Power      Damage    Failure   Level
 Tukima's Dance           Hex            0%         N/A       99%         3
 Passage of Golubria      Tloc           0%         N/A       100%        4
 Yara's Violent Unravell  Hex/Tmut       0%         3d3       100%        5


Dungeon Overview and Level Annotations

Branches:
Dungeon (11/15)            Temple (0/1) D:7            Lair (0/6) D:10
    Orc (0/2) D:9           IceCv (1/1)

Altars:
Ashenzari
Dithmenos
Gozag
Kikubaaqudgha
Nemelex Xobeh
Qazlal
Sif Muna
Uskayaw
Vehumet
Wu Jian
Yredelemnul
Zin
The Shining One
Beogh

Shops:
D:4 (*?   D:5 =[*:=   D:7 *

Annotations:
D:1 dig
D:4 3 runed translucent doors, attentat's ghost, weakling OgIE IceCv exclusion: ice statue


Innate Abilities, Weirdness & Mutations

((You are very nimble when in or above water. (Stealth+, EV+, Speed+++)))
Your lower body shifts to a powerful aquatic tail in water.


Message History

The ice devil misses you.
You slice the ice devil!!
The ice devil is severely wounded.
You hit the ice devil.
The ice devil is severely wounded.
You puncture the ice devil!
You kill the ice devil!
The ice devil hits you but does no damage.
The ice devil hits you. The ice devil freezes you. You resist.
The ice devil misses you. The ice devil closely misses you.
You barely miss the ice devil. You barely miss the ice devil.
The ice devil hits you. The ice devil freezes you. You resist.
The ice devil hits you! The ice devil freezes you. You resist.
* * * LOW HITPOINT WARNING * * *
The ice devil hits you!
* * * LOW HITPOINT WARNING * * *
The ice devil freezes you. You resist.
* * * LOW HITPOINT WARNING * * *
You are too berserk!
You hit the ice devil.
The ice devil is lightly wounded.
You puncture the ice devil!
The ice devil is moderately wounded.
The ice devil misses you. The ice devil hits you!
* * * LOW HITPOINT WARNING * * *
The ice devil freezes you. You resist.
* * * LOW HITPOINT WARNING * * *
The ice devil hits you!
* * * LOW HITPOINT WARNING * * *
The ice devil freezes you. You resist.
* * * LOW HITPOINT WARNING * * *
You barely miss the ice devil.
The ice devil is moderately wounded.
You hit the ice devil but do no damage.
The ice devil is moderately wounded.
The ice devil hits you but does no damage. x2
The ice devil hits you!
You die...
Your body rises from the dead as a mindless zombie.

##...##..# ##..#8..##
#..# ##...####.##
##......# ##.# ##...##
#..## #.4....####..#
#...## ##..#
#.......##..## ##..##
#..###........#..#
#..######
##..###.......##.#
##.###...##
#..###4....##...#
#..##.....##
##4.##.....##..##
#..#...#...#
#@4#...§.####.#
#....####..#
##44.###§§##### #...##
#..## ##.####§#○# ##.##
##..## ####○§.§§# ###
#...## #☼.☼§☼§§#
##....## ##§☼☼§§#####
#......# ##§§#.###..##
##.....####§§#####....##
#.......##§.○§##.......#


You could see 4 ice devils.

Vanquished Creatures
  3 two-headed ogres
  A freezing wraith (IceCv)
  2 rime drakes (D:11)
  Psyche (D:9)
  2 komodo dragons (D:10)
  An entropy weaver simulacrum (IceCv)
  An anaconda simulacrum (IceCv)
  3 ice devils (IceCv)
  2 trolls
  A hornet (D:8)
  Grinder (D:5)
  2 dire elephant simulacra (IceCv)
  5 yaks (D:9)
  A wraith (D:9)
  A wyvern (D:7)
  A death yak simulacrum (IceCv)
  Duvessa (D:7)
  A sky beast (D:4)
  7 orc warriors
  4 black bears
  An ogre (D:6)
  A phantom (D:6)
  5 centaurs
  A kobold brigand (D:5)
  5 bullfrogs
  A cane toad simulacrum (IceCv)
  A two-headed ogre simulacrum (IceCv)
  3 scorpions
  18 wights
  4 elephant simulacra (IceCv)
  A howler monkey (D:6)
  5 hounds
  A jelly (D:8)
  7 orc priests
  5 iguanas
  11 orc wizards
  Natasha (twice) (D:2)
  2 troll simulacra (IceCv)
  A spriggan simulacrum (IceCv)
  A polar bear simulacrum (IceCv)
  A wolf simulacrum (IceCv)
  Robin (D:4)
  2 adders
  2 shadow imps
  2 white imps
  3 ufetubi
  A worm (D:3)
  2 dart slugs
  24 orcs
  3 bats
  4 endoplasms
  A giant cockroach (D:1)
  12 goblins
  11 hobgoblins
  3 jackals (D:1)
  4 quokkas
  7 ball pythons
  2 frilled lizards
  20 kobolds
  3 rats
  A spectral goblin (D:1)
226 creatures vanquished.

Vanquished Creatures (collateral kills)
  A troll (D:9)
  3 yaks (D:9)
  A death yak simulacrum (IceCv)
  An orc warrior (D:9)
  An ice beast (D:5)
  A kobold brigand (D:8)
  A scorpion (D:5)
  A cane toad simulacrum (IceCv)
  Dowan (D:7)
  An orc priest (D:9)
  3 orc wizards (D:9)
  6 orcs
  A quokka (D:4)
  A ball python (D:4)
  6 kobolds
29 creatures vanquished.

Vanquished Creatures (others)
  2 yak zombies (D:9)
  2 centaur zombies
  3 bullfrog zombies
  A scorpion zombie (D:5)
  A howler monkey zombie (D:6)
  An endoplasm zombie (D:4)
  A kobold (D:5)
  6 kobold zombies
  8 orc zombies
  2 spectral ufetubi
  66 plants
93 creatures vanquished.

Grand Total: 348 creatures vanquished

Notes
Turn   | Place    | Note
-------+----------+-------------------------------------------
     0 | D:1      | porpoise the Merfolk Gladiator began the quest for the Orb.
     0 | D:1      | Reached XP level 1. HP: 16/16 MP: 1/1
   134 | D:1      | Reached XP level 2. HP: 21/23 MP: 2/2
   494 | D:1      | Reached XP level 3. HP: 29/29 MP: 3/3
   601 | D:1      | Found a faded altar of an unknown god.
  1009 | D:2      | Noticed Natasha
  1020 | D:2      | Killed Natasha
  1021 | D:2      | Reached skill level 5 in Polearms
  1362 | D:2      | Reached XP level 4. HP: 35/35 MP: 4/4
  1406 | D:2      | Noticed Natasha
  1481 | D:2      | Killed Natasha
  2739 | D:4      | Noticed a scorpion
  2761 | D:4      | Killed a scorpion
  2762 | D:4      | Reached skill level 6 in Polearms
  2762 | D:4      | Reached XP level 5. HP: 34/43 MP: 5/5
  2936 | D:4      | Found Igaalu's Magic Scroll Boutique.
  2974 | D:4      | Noticed Robin
  2990 | D:4      | Killed Robin
  3260 | D:4      | Reached skill level 5 in Fighting
  3260 | D:4      | Reached XP level 6. HP: 47/51 MP: 6/6
  3284 | D:4      | Noticed an ice beast
  3294 | D:4      | Found a runed translucent gate.
  3294 | D:4      | Found a runed translucent gate.
  3294 | D:4      | Found a runed translucent gate.
  3321 | D:4      | Found Kolujibb's Weapon Shop.
  3671 | D:4      | Found Leuf's General Store.
  3681 | D:4      | Bought a scroll of poison for 45 gold pieces
  3681 | D:4      | Bought a scroll of fog for 26 gold pieces
  3701 | D:4      | Noticed a sky beast
  3722 | D:4      | Killed a sky beast
  3723 | D:4      | Reached skill level 7 in Polearms
  3991 | D:4      | Noticed attentat's ghost (weakling OgIE)
  4051 | D:4      | Reached XP level 7. HP: 53/57 MP: 7/7
  4070 | D:4      | Reached skill level 8 in Polearms
  4579 | D:4      | Found a shadowy altar of Dithmenos.
  4579 | D:4      | Found a basalt altar of Yredelemnul.
  4579 | D:4      | Found a broken altar of Ashenzari.
  4587 | D:4      | Became a worshipper of Yredelemnul the Dark
  4613 | D:4      | Found an ornate altar of the Wu Jian Council.
  4846 | D:5      | Entered Level 5 of the Dungeon
  5094 | D:5      | Reached skill level 1 in Invocations
  5186 | D:5      | Reached skill level 9 in Polearms
  5186 | D:5      | Reached XP level 8. HP: 54/67 MP: 7/9
  5296 | D:5      | Reached skill level 1 in Armour
  5547 | D:5      | Found Tuikleve's Jewellery Shop.
  5581 | D:5      | Noticed Grinder
  5590 | D:5      | Killed Grinder
  5703 | D:5      | Reached * piety under Yredelemnul
  5768 | D:5      | Found Etwet's Assorted Antiques.
  5776 | D:5      | Found Domeamy's Jewellery Shoppe.
  5777 | D:5      | Bought a bubbling sapphire potion for 20 gold pieces
  5777 | D:5      | Bought a twisted bone ring for 115 gold pieces
  5781 | D:5      | Reached ** piety under Yredelemnul
  5782 | D:5      | Reached skill level 10 in Polearms
  6203 | D:5      | Reached XP level 9. HP: 57/72 MP: 12/12
  6420 | D:5      | Found Qouza's Armour Shop.
  6469 | D:5      | Found Duneg's Book Boutique.
  6480 | D:5      | Reached *** piety under Yredelemnul
  6481 | D:5      | Reached skill level 5 in Invocations
  6692 | D:5      | Reached **** piety under Yredelemnul
  7085 | D:6      | Reached skill level 11 in Polearms
  7300 | D:6      | Identified the +1 ice dragon scales of the Evening {rF-
                  | rC++ Will+ MP+9}
  8153 | D:7      | Found Isiemuig's Gadget Gallery.
  8669 | D:7      | Noticed a troll
  8680 | D:7      | Killed a troll
  8681 | D:7      | Reached skill level 12 in Polearms
  8681 | D:7      | Reached XP level 10. HP: 32/79 MP: 15/15
  8967 | D:7      | Noticed Duvessa
  8967 | D:7      | Noticed Dowan
  8971 | D:7      | Killed Duvessa
  8977 | D:7      | Reached skill level 1 in Evocations
  8982 | D:7      | Killed Dowan
  9138 | D:7      | Found a staircase to the Ecumenical Temple.
  9491 | D:8      | Found an ancient bone altar of Kikubaaqudgha.
  9542 | D:8      | Noticed a two-headed ogre
  9549 | D:8      | Killed a two-headed ogre
  9550 | D:8      | Reached skill level 5 in Armour
 10229 | D:8      | Noticed a two-headed ogre
 10238 | D:8      | Killed a two-headed ogre
 10239 | D:8      | Reached skill level 13 in Polearms
 10239 | D:8      | Reached skill level 5 in Dodging
 11213 | D:9      | Found an opulent altar of Gozag.
 11650 | D:9      | Reached XP level 11. HP: 84/84 MP: 16/16
 11660 | D:9      | Reached skill level 5 in Evocations
 11698 | D:9      | Reached ***** piety under Yredelemnul
 11753 | D:9      | Noticed Psyche
 11761 | D:9      | Killed Psyche
 11762 | D:9      | Reached skill level 14 in Polearms
 11949 | D:9      | Found a sparkling altar of Nemelex Xobeh.
 12106 | D:9      | Found a staircase to the Orcish Mines.
 12359 | D:10     | Entered Level 10 of the Dungeon
 12633 | D:10     | Found a staircase to the Lair.
 12805 | D:10     | Noticed a two-headed ogre
 12816 | D:10     | Killed a two-headed ogre
 12834 | D:10     | Found a radiant altar of Vehumet.
 12840 | D:10     | Found a stormy altar of Qazlal.
 12841 | D:10     | Found a hide-covered altar of Uskayaw.
 12842 | D:10     | Found a shimmering blue altar of Sif Muna.
 12843 | D:10     | Found a glowing golden altar of the Shining One.
 12945 | D:10     | Found a glowing silver altar of Zin.
 13801 | D:11     | Found a frozen archway.
 13862 | IceCv    | Entered an ice cave
 14256 | IceCv    | Reached skill level 15 in Polearms
 15098 | IceCv    | Found an ancient bone altar of Kikubaaqudgha.
 15135 | IceCv    | HP: 6/133 [ice devil (7)]
 15137 | IceCv    | Slain by an ice devil

Illustrated notes

Levels and vault maps discovered:
D:1:      dpeg_arrival_water_temple_mockup, layout_basic,
          dreamdust_ecumenical_altar_drowned_temple, due_unseen_surprise
D:2:      layout_basic, st_stairs_1, solitary_fountain, feat_on_display,
          uniq_natasha
D:3:      layout_loops_corners, serial_bayou, serial_bayou_lagoon_b,
          serial_bayou_pond_a, serial_bayou_shore_b, serial_bayou_shore_a
D:4:      layout_loops_ring, grunt_temple_overflow_cloverleaf, serial_shops,
          nicolae_take_the_stairs, nicolae_shop_crystal, shop,
          gammafunk_ghost_icy, grunt_ministairs_2, minivault_25,
          kennysheep_dice, uniq_robin
D:5:      kennysheep_kobold_camp, layout_loops_ring, serial_shops,
          nicolae_shop_temple_entry_statues_fountains, shop,
          nicolae_diamond_shop, nicolae_shop_crystal, shop, uniq_grinder
D:6:      layout_cave_pools, kennysheep_generic_room_15
D:7:      layout_loops_ring, temple_statues, enter_bailey_8,
          chequers_serial_rivers_large_a, nicolae_shop_gadgets, uniq_duvessa
D:8:      layout_basic, lemuel_crystal_altar, eino_small_chamber_without_monster
D:9:      minmay_flawed_box, layout_basic, mainiacjoe_overflow_alcove_4,
          grunt_gozag_statues, david_orc_5, uniq_psyche
D:10:     layout_basic, lemuel_crystal_altar, minitemple, david_lair_shrubbed,
          chequers_serial_rivers_small_a
D:11:     layout_cave_pods, portal_ice_cave_rime, minmay_protected_statue,
          uniq_josephine
IceCv:    ice_cave_small_necro

Skill      XL: |  1  2  3  4  5  6  7  8  9 10 11 |
---------------+----------------------------------+-----
Fighting       | 3 4 5 7 9 |  9.4
Polearms       | 5 6 7 9 10 12 13 15 | 15.5
Invocations    | 1 4 6 7 |  7.0
Armour         | 2 4 5 |  5.0
Evocations     | 4 5 |  5.0
Dodging        | 6 9 |  9.0
Throwing       | |  2.0

Action                   |  1- 3 |  4- 6 |  7- 9 | 10-12 || total
-------------------------+-------+-------+-------+-------++-------
Melee: Trident           |    82 |   199 |   353 |       ||   634
       Tailslap          |       |     5 |       |     2 ||     7
       Punch             |       |     3 |     6 |       ||     9
       Halberd           |       |       |     9 |   267 ||   276
 Fire: Sling             |       |     2 |     8 |       ||    10
Throw: Dart              |       |       |       |    10 ||    10
Invok: Dark Bargain      |       |       |       |     1 ||     1
       Recall Undead Har |       |       |       |     1 ||     1
       Drain Life        |       |       |       |     1 ||     1
Evoke: Wand              |       |       |     1 |       ||     1
       Box of beasts     |       |       |       |     1 ||     1
  Use: Scroll            |       |       |     9 |    11 ||    20
       Potion            |       |       |     5 |     3 ||     8
 Stab: Distracted        |       |       |     2 |     3 ||     5
Armor: Leather armour    |     9 |       |       |       ||     9
       Ring mail         |       |    50 |    55 |       ||   105
       Ice dragon scales |       |       |    20 |    73 ||    93
Dodge: Dodged            |    36 |    82 |   105 |   115 ||   338

Table legend: (Time is in decaauts)
 A = Elapsed time spent in this place.
 B = Non-inter-level travel time spent in this place.
 C = Inter-level travel time spent in this place.
 D = Time resting spent in this place.
 E = Time spent auto-exploring this place.
 F = Levels seen in this place.
 G = Mean time per level.
                   A        B        C        D        E       F      G
               +--------+--------+--------+--------+--------+-----+--------+
         Total |  14943 |  14577 |    366 |   5722 |   6913 |  12 | 1245.2 |
       Dungeon |  13676 |  13310 |    366 |   4903 |   6683 |  11 | 1243.3 |
      Ice Cave |   1267 |   1267 |      0 |    819 |    230 |   1 | 1267.0 |
               +--------+--------+--------+--------+--------+-----+--------+

Top non-repeatable levels by time:
     D:4: 2382 daAuts
     D:5: 1815 daAuts
     D:8: 1683 daAuts
    D:10: 1432 daAuts
     D:7: 1316 daAuts
   IceCv: 1267 daAuts
     D:9: 1186 daAuts
     D:6: 1105 daAuts
     D:3: 1014 daAuts
     D:1: 893 daAuts
     D:2: 788 daAuts
    D:11: 58 daAuts
